 Dungeon Crawl Stone Soup version 0.31-a0-705-ga145531891 (webtiles) character file.

Game seed: 7736862287575999654

164 dondy the Caller (level 5, 28/28 HPs)
             Began as a Deep Elf Summoner on Sept 9, 2023.
             Was an Initiate of Gozag.
             Quit the game on level 3 of the Dungeon.
             The game lasted 00:10:22 (3076 turns).

dondy the Caller (Deep Elf Summoner)                Turns: 3076, Time: 00:10:22

Health: 28/28      AC:  6    Str:  5    XL:     5   Next: 21%
Magic:  13/13      EV: 12    Int: 22    God:    Gozag
Gold:   256        SH:  4    Dex: 15    Spells: 3/12 levels left

rFire   . . .        (no weapon)
rCold   . . .        d - +0 buckler
rNeg    . . .        a - +0 robe
rPois   .            n - +2 helmet
rElec   .            (no cloak)
rCorr   .            i - +0 pair of gloves
SInv    .            (no boots)
Will    .....        (no amulet)
Stlth   +++          (no ring)
HPRegen 0.24/turn    (no ring)
MPRegen 0.13/turn

%: no passive effects
@: no status effects
A: no striking features
a: Renounce Religion, Potion Petition, Call Merchant, Bribe Branch


You were on level 3 of the Dungeon.
You worshipped Gozag.
Gozag was aware of your devotion.
You visited 1 branch of the dungeon, and saw 5 of its levels.

You collected 256 gold pieces.

Inventory:

Hand Weapons
 f - a +1 mace of draining
Armour
 a - a +0 robe (worn)
 d - a +0 buckler (worn)
 e - a +0 kite shield
 i - a +0 pair of gloves (worn)
 n - a +2 helmet (worn)
 o - the +2 cloak of the Red Skies {rPois Str-4 Slay+3}
   (You found it on level 3 of the Dungeon)

   Str-4:     It affects your strength (-4).
   Slay+3:    It affects your accuracy & damage with ranged weapons and melee
   (+3).
   rPois:     It protects you from poison
Talismans
 p - a flux talisman
Scrolls
 c - a scroll of teleportation {unknown}
 g - a scroll of identify {unknown}
 k - a scroll of noise {unknown}
 l - a scroll of silence {unknown}
 q - a scroll of enchant weapon {unknown}
Potions
 b - a potion of magic
 h - a potion of curing {unknown}
 j - a potion of attraction {unknown}
 m - a potion of mutation {unknown}


   Skills:
 + Level 3.8 Dodging
 + Level 3.9 Stealth
 - Level 4.0 Spellcasting
 * Level 5.6 Summonings


You had 3 spell levels left.
You knew the following spells:

 Your Spells              Type           Power      Damage    Failure   Level
a - Summon Small Mammal   Summ           100%       N/A       1%          1
b - Call Imp              Summ           58%        N/A       3%          2
c - Call Canine Familiar  Summ           29%        N/A       6%          3
d - Summon Guardian Gole  Hex/Summ       16%        N/A       21%         3

Your spell library contained the following spells:

 Spells                   Type           Power      Damage    Failure   Level
 Sandblast                Erth           8%         2d5       22%         1
 Passwall                 Tmut/Erth      3%         N/A       32%         2
 Stone Arrow              Conj/Erth      8%         3d7       54%         3
 Summon Lightning Spire   Summ/Air       16%        N/A       54%         4


Dungeon Overview and Level Annotations

Branches:
Dungeon (5/15)
 Temple: D:4-7

Altars:
Gozag
Kikubaaqudgha
Ru
Zin


Message History

Confirm with . or Enter, or press ? or * to list all spells.
A tiny devil pulls itself out of the air.
Your cerulean imp barely misses the giant cockroach.
Your cerulean imp hits the giant cockroach with a -2 spear.
You swap places.
You block the giant cockroach's attack.
Your quokka bites the giant cockroach but does no damage.
Your cerulean imp hits the giant cockroach with a -2 spear.
The giant cockroach bites your cerulean imp but does no damage.
Your quokka bites the giant cockroach.
The giant cockroach dies!
You swap places.
You now have 253 gold pieces (gained 14).
You now have 256 gold pieces (gained 3).
Things that are here:
a +0 club; a +0 sling Your quokka disappears in a puff of smoke!
Your cerulean imp disappears in a puff of smoke!
You enter the shallow water.
Moving in this stuff is going to be slow.
You enter the shallow water.
Moving in this stuff is going to be slow.
Found a stone staircase leading down.
q - a scroll labelled XOAZXE ZACOQA
There is a stone staircase leading down here.
Found a mace.
You see here a +0 mace.
Found a stone staircase leading up.
There is a stone staircase leading up here.
Found an ancient bone altar of Kikubaaqudgha.
Miasma emanates from the human's flesh.
The human is engulfed in dark miasma.
The human is poisoned.
Okay, then.
Okay, then.
Okay, then.
Are you sure you want to abandon this character and quit the game? (Confirm with "yes".)
Okay, then.
Unknown command.
Are you sure you want to abandon this character and quit the game? (Confirm with "yes".)
Okay, then.
Are you sure you want to abandon this character and quit the game? (Confirm with "yes".)

# ############# #
#...........#######
#.########.....(...
#.@..####......###.
#.._.#p##...##.# #.
#....#####..##.###.
#########...##..<..
#.##.#..######.
#)##.#..# #...)
#.......###...>
#<.............
##.....####....


You could see a human (wandering, poisoned).

Vanquished Creatures (collateral kills)
  A hound (D:5)
  A sleepcap (D:4)
  An iguana (D:5)
  4 adders
  A worm (D:3)
  A dart slug (D:1)
  2 orcs
  4 endoplasms
  4 giant cockroaches
  4 goblins
  A hobgoblin (D:2)
  2 quokkas
  A ball python (D:2)
  4 bats (D:1)
  5 kobolds
  4 rats
40 creatures vanquished.

Vanquished Creatures (others)
  A bat (D:1)
1 creature vanquished.

Grand Total: 41 creatures vanquished

Notes
Turn   | Place    | Note
-------+----------+-------------------------------------------
     0 | D:1      | dondy the Deep Elf Summoner began the quest for the Orb.
     0 | D:1      | Reached XP level 1. HP: 10/10 MP: 6/6
   349 | D:1      | Reached XP level 2. HP: 15/15 MP: 5/8
   352 | D:1      | Learned a level 2 spell: Call Imp
  1154 | D:2      | Reached XP level 3. HP: 19/19 MP: 7/10
  1158 | D:2      | Learned a level 3 spell: Call Canine Familiar
  1521 | D:2      | Found a faded altar of an unknown god.
  1536 | D:2      | Prayed at the altar of an unknown god.
  1536 | D:2      | Became a worshipper of Gozag Ym Sagoz the Greedy
  1642 | D:2      | Learned a level 3 spell: Summon Guardian Golem
  2143 | D:3      | Reached skill level 5 in Summonings
  2315 | D:3      | Found a sacrificial altar of Ru.
  2320 | D:3      | You fall into a shaft and drop 2 floors!
  2320 | D:5      | Entered Level 5 of the Dungeon
  2339 | D:5      | Reached XP level 4. HP: 24/24 MP: 7/12
  2477 | D:5      | Found a glowing silver altar of Zin.
  2591 | D:4      | Reached XP level 5. HP: 28/28 MP: 7/13
  2830 | D:3      | Identified the +2 cloak of the Red Skies {rPois Str-4
                  | Slay+3}
  3073 | D:3      | Found an ancient bone altar of Kikubaaqudgha.
  3074 | D:3      | Noticed a human
  3076 | D:3      | Quit the game

Illustrated notes

Levels and vault maps discovered:
D:1:      dpeg_arrival_line_fractal, layout_basic, serial_aquarium,
          aquarium_bridge_island_small [aquarium_subvault_small_water,
          aquarium_subvault_window, aquarium_subvault_bridge,
          aquarium_subvault_balcony, aquarium_subvault_bridge],
          aquarium_bridge_straight [aquarium_subvault_bridge,
          aquarium_subvault_window, aquarium_subvault_bridge,
          aquarium_subvault_wall], aquarium_window_fake, aquarium_window_fake,
          aquarium_view_2b, aquarium_view_2d, aquarium_pool_five
D:2:      layout_basic, shapermc_ecumenical_altar_venn
D:3:      layout_loops_cross, nicolae_ru_sacrificial_ziggurat,
          tgw_kikubaaqudgha, chequers_serial_rivers_micro_b
D:4:      layout_rooms, general_overflow_altar, uniq_blork_the_orc
D:5:      layout_basic, minmay_overflow_temple_star_hex,
          lemuel_coloured_pillars_altar, nrook_campfire, eino_tiny_chamber,
          uniq_menkaure

Skill      XL: |  1  2  3 |
---------------+----------+-----
Dodging        | 3 |  3.8
Stealth        | 3 |  3.9
Summonings     | 5 |  5.6
Spellcasting   | 4 |  4.0

Action                     |  1- 3 |  4- 6 || total
---------------------------+-------+-------++-------
  Melee: Unarmed           |     5 |       ||     5
   Cast: Summon Small Mamm |    40 |     9 ||    49
         Call Imp          |    23 |     9 ||    32
         Call Canine Famil |     1 |       ||     1
 Armour: Robe              |    14 |     1 ||    15
  Dodge: Dodged            |    11 |     2 ||    13
  Block: Buckler           |     1 |     1 ||     2

Table legend: (Time is in decaauts)
 A = Elapsed time spent in this place.
 B = Non-inter-level travel time spent in this place.
 C = Inter-level travel time spent in this place.
 D = Time resting spent in this place.
 E = Time spent auto-exploring this place.
 F = Levels seen in this place.
 G = Mean time per level.
                   A        B        C        D        E       F      G
               +--------+--------+--------+--------+--------+-----+--------+
         Total |   3076 |   3004 |     72 |    182 |   2190 |   5 |  615.2 |
       Dungeon |   3076 |   3004 |     72 |    182 |   2190 |   5 |  615.2 |
               +--------+--------+--------+--------+--------+-----+--------+

Top non-repeatable levels by time:
     D:2: 1055 daAuts
     D:1: 1006 daAuts
     D:3: 696 daAuts
     D:5: 254 daAuts
     D:4: 62 daAuts
